 Dungeon Crawl Stone Soup version 0.21-a0-450-gd87a9b2 (webtiles) character file.

1817644 kiturien the Minotaur Barricade (level 27, 245/245 HPs)
             Began as a Minotaur Fighter on Nov 14, 2017.
             Was the Champion of Wu Jian.
             Escaped with the Orb
             ... and 3 runes on Nov 19, 2017!
             The game lasted 09:04:59 (66200 turns).

kiturien the Minotaur Barricade (Minotaur Fighter) Turns: 66200, Time: 09:05:00

Health: 245/245    AC: 28    Str: 37    XL:     27
Magic:  39/40      EV: 31    Int: 10    God:    Wu Jian [******]
Gold:   10047      SH: 26    Dex: 20    Spells: 24/26 levels left

rFire    + . .     SeeInvis .   W - +6 double sword (freeze)
rCold    . . .     Gourm    .   J - +1 shield of Sloth {MR+ Regen+ Int+2 Dex+4}
rNeg     + + .     Faith    .   R - quicksilver dragon scales of the Ecumenical Temple {+Fly MR+ Str+4 Slay+3}
rPois    +         Spirit   .   E - +2 hat {Int+3}
rElec    +         Reflect  +   F - +2 cloak {rPois}
rCorr    +         Harm     .   b - +2 pair of gloves {Dex+3}
MR       +++++     Rnd*Rage +   I - +3 pair of boots "Wylodehu" {rN+ rCorr}
Stlth    +.........             X - +4 amulet of reflection
HPRegen  0.90/turn              m - ring of protection from magic
MPRegen  0.27/turn              x - ring "Upoiloiw" {+Blink rElec rN+ MP+9}

@: no status effects
A: retaliatory headbutt, horns 2, thin skeletal structure 1, berserk 1, deformed
body, fire resistance 1, frail 1, mutation resistance 1, screaming 3, MP-powered
wands
0: Orb of Zot
}: 3/15 runes: serpentine, barnacled, silver
a: Serpent's Lash, Heavenly Storm, Renounce Religion, Evoke Blink, Evoke Flight


You escaped.
You worshipped Wu Jian.
Wu Jian was exalted by your worship.
You were not hungry.

You visited 12 branches of the dungeon, and saw 52 of its levels.
You visited the Abyss 1 time.
You also visited: Labyrinth, Trove, Bailey, Ice Cave and Wizlab.

You collected 12059 gold pieces.
You spent 2012 gold pieces at shops.

Inventory:

Hand Weapons
 y - a +5 demon blade of flaming
 H - the +7 long sword of the Spider {slice, rPois Dex+2}
   (You found it on level 11 of the Dungeon)

   It inflicts extra damage upon your enemies.
   It affects your dexterity (+2).
   It protects you from poison.
 L - a +2 long sword of holy wrath
 W - a +6 double sword of freezing (weapon)
Missiles
 D - 14 throwing nets
 N - 59 tomahawks of returning (quivered)
Armour
 b - a +2 pair of gloves of dexterity (worn)
 E - a +2 hat of intelligence (worn)
 F - a +2 cloak of poison resistance (worn)
 G - +7 pearl dragon scales
 I - the +3 pair of boots "Wylodehu" (worn) {rN+ rCorr}
   (You acquired it on level 5 of the Depths)

   It protects you from negative energy.
   It protects you from acid and corrosion.
 J - the +1 shield of Sloth (worn) {MR+ Regen+ Int+2 Dex+4}
   (You bought it in a shop on level 2 of the Orcish Mines)

   It affects your intelligence (+2).
   It affects your dexterity (+4).
   It affects your resistance to hostile enchantments.
   It increases your rate of regeneration.
 Q - a +3 plate armour of magic resistance
 R - the quicksilver dragon scales of the Ecumenical Temple (worn) {+Fly MR+ Str+4 Slay+3}
   (You bought it in a shop on level 2 of the Orcish Mines)

   It affects your strength (+4).
   It affects your accuracy and damage with ranged weapons and melee attacks
   (+3).
   It affects your resistance to hostile enchantments.
   It lets you fly.
Jewellery
 a - an uncursed amulet of the gourmand
 m - a ring of protection from magic (left hand)
 w - the ring "Tepperin" {rC+ Str+4 Int-2 Dex+4 SInv}
   (You found it on level 14 of the Dungeon)

   [ring of see invisible]

   It affects your strength (+4).
   It affects your intelligence (-2).
   It affects your dexterity (+4).
   It protects you from cold.
   It lets you see invisible.
 x - the ring "Upoiloiw" (right hand) {+Blink rElec rN+ MP+9}
   (You took it off a vault guard on level 5 of the Vaults)

   [ring of positive energy]

   It insulates you from electricity.
   It protects you from negative energy.
   It affects your magic capacity (+9).
   It lets you blink.
 z - an uncursed ring of protection from fire
 X - a +4 amulet of reflection (around neck)
 Y - the ring "Wiaryab" {Fire rElec Dex+6 SInv}
   (You took it off an orc on level 3 of the Elven Halls)

   [ring of fire]

   It enhances your fire magic.
   It affects your dexterity (+6).
   It protects you from fire.
   It makes you vulnerable to cold.
   It insulates you from electricity.
   It lets you see invisible.
Wands
 s - a wand of disintegration (13/24)
 A - a wand of confusion (40/48)
 M - a wand of lightning (15/15)
Scrolls
 c - 4 scrolls of fear
 e - 15 scrolls of remove curse
 g - 3 scrolls of identify
 i - 19 scrolls of teleportation
 p - 3 scrolls of magic mapping
 q - 11 scrolls of fog
 t - 3 scrolls of blinking
 u - 11 scrolls of immolation
 S - 2 scrolls of summoning
 U - 6 scrolls of silence
Potions
 d - 18 potions of might
 h - 5 potions of haste
 j - 9 potions of curing
 o - 3 potions of resistance
 B - 2 potions of berserk rage
 T - 3 potions of invisibility
 V - 2 potions of heal wounds
 Z - 3 potions of agility
Miscellaneous
 k - a fan of gales
 K - 3 phantom mirrors
 P - 3 boxes of beasts
Comestibles
 f - 23 bread rations
 l - 20 meat rations
 n - 36 royal jellies
 C - 36 fruits


   Skills:
 O Level 27 Fighting
 O Level 27 Long Blades
 * Level 22.3 Armour
 * Level 22.7 Dodging
 O Level 27 Shields
 * Level 12.0 Evocations


You had 24 spell levels left.
You knew the following spells:

 Your Spells              Type           Power        Failure   Level  Hunger
a - Blink                 Tloc           N/A          54%         2    ###....


Dungeon Overview and Level Annotations

Branches:
Dungeon (15/15)            Temple (1/1) D:7            Lair (6/6) D:11
 Shoals (4/4) Lair:4        Snake (4/4) Lair:2        Slime (1/5) Lair:6
    Orc (2/2) D:11            Elf (3/3) Orc:2        Vaults (5/5) D:14
  Crypt (0/3) Vaults:2     Depths (5/5) D:15           Hell (1/1)
    Dis (0/7) Hell            Geh (0/7) Hell            Coc (0/7) Hell
    Tar (0/7) Hell            Zot (5/5) Depths:5

Altars:
Ashenzari
Cheibriados
Dithmenos
Elyvilon
Fedhas
Gozag
Hepliaklqana
Kikubaaqudgha
Makhleb
Nemelex Xobeh
Okawaru
Qazlal
Ru
Sif Muna
Trog
Uskayaw
Vehumet
Wu Jian
Xom
Yredelemnul
Zin
The Shining One
Beogh

Shops:
D:3 [   D:4 [   D:6 *   D:8 :   D:10 (   D:14 !   Orc:2 [(*!   Elf:1 *
Snake:2 !   Vaults:2 :   Vaults:3 (   Vaults:5 *   Depths:1 ?   Depths:2 ([*

Portals:
Hell: Depths:1 Depths:2 Depths:3 Depths:4 Depths:5
Abyss: Depths:2 Depths:4
Pandemonium: Depths:1 Depths:3
Ziggurat: Depths:1

Annotations:
Zot:3 2 transporters, exclusion: obsidian statue


Innate Abilities, Weirdness & Mutations

You reflexively headbutt those who attack you in melee.
You have a pair of horns on your head.
You have a somewhat thin skeletal structure. (Dex +2, Stealth)
You tend to lose your temper in combat.
Armour fits poorly on your strangely shaped body.
Your flesh is heat resistant. (rF+)
You are frail. (-10% HP)
You are somewhat resistant to further mutation.
You frequently scream uncontrollably at your foes.
You expend magic power (3 MP) to strengthen your wands.


Message History

You headbutt the Ice Fiend, but do no damage.
The Ice Fiend is moderately wounded.
You hit the Ice Fiend but do no damage.
You headbutt the Ice Fiend, but do no damage.
The Ice Fiend is moderately wounded.
There is a staircase leading out of the dungeon here.
You hit the Ice Fiend.
The Ice Fiend is moderately wounded.
You block the Ice Fiend's attack. x2
You barely miss the Ice Fiend. You headbutt the Ice Fiend!!
The Ice Fiend is heavily wounded.
You block the Ice Fiend's attack. x2
You slice the Ice Fiend like a ripe choko!!!
The Ice Fiend is almost dead.
You block the Ice Fiend's attack. The Ice Fiend barely misses you.
You slash the Ice Fiend!
You kill the Ice Fiend!
The Council accepts your kill.
Your Evocations skill increases to level 12!
You have escaped!

#.# ##...# #.#
#.### #.# #....
##.## #####
######...# #######
#.8#.#######......
#..........###....
#...8..8..8###.###
#@.).......'...###
#...8..8..8###...#
#..........#......
#.8#.#######......
#######...........
#.####...... #.#
#.#.##. #.#
#.#.##. #.#
#.#.#..


There were no monsters in sight!

Vanquished Creatures
  5 ancient liches (Zot:5)
  5 orbs of fire
  2 juggernauts
  Sojobo (Vaults:4)
  Vashnia (Snake:3)
  3 Killer Klowns (Zot:5)
  Frederick (Depths:5)
  3 curse toes
  Margery (Vaults:3)
  Geryon (Hell)
  Xtahua (Vaults:4)
  A caustic shrike (Depths:4)
  the Enchantress (Depths:1)
  9 golden dragons
  A Tzitzimitl (D:1)
  Jorgrun (Depths:3)
  4 electric golems
  13 tentacled monstrosities
  A Hell Sentinel (D:7)
  Rupert (Lair:3)
  27 Orb Guardians
  5 titans
  4 deep elf blademasters (Elf:3)
  2 Ice Fiends
  4 liches
  A deep elf master archer (Elf:3)
  Gastronok (Lair:2)
  2 ancient champions (Depths:1)
  8 quicksilver dragons
  11 death cobs
  Frances (D:13)
  An Executioner (D:4)
  8 sphinxes
  Polyphemus (Shoals:2)
  9 tengu reavers
  Kirke (Shoals:4)
  6 draconian monks
  7 shadow dragons
  19 nagarajas
  20 storm dragons
  11 fire giants
  12 frost giants
  A revenant (Hell)
  Ilsuiw (Shoals:4)
  4 draconian scorchers
  A draconian knight (Zot:4)
  A ghost moth (Zot:3)
  A fire giant (shapeshifter) (Vaults:5)
  2 balrugs
  An orc warlord (Orc:1)
  12 deep elf sorcerers
  4 draconian shifters
  4 iron dragons
  18 vault wardens
  13 ironheart preservers
  3 spriggan defenders (Depths:1)
  21 very ugly things
  3 draconian stormcallers
  4 deep elf elementalists
  An entropy weaver (shapeshifter) (Depths:4)
  9 draconian annihilators
  3 war gargoyles
  2 reapers
  4 caustic shrike skeletons (Depths:4)
  4 vampire knights
  5 deep elf demonologists
  2 entropy weavers
  17 stone giants
  12 green draconians
  9 black draconians
  8 purple draconians
  12 red draconians
  6 deep elf annihilators
  A dire elephant (Lair:6)
  8 white draconians
  An orange crystal statue (WizLab)
  9 yellow draconians
  8 spark wasps
  Snorg (D:12)
  2 blizzard demons (Hell)
  3 merfolk javelineers
  A minotaur (Lab)
  8 deep elf death magi
  An eidolon (Vaults:2)
  19 ettins
  A jiangshi (Depths:4)
  Josephine (Lair:4)
  18 fire dragons
  14 ogre magi
  9 merfolk impalers
  10 yaktaur captains
  7 deep elf high priests
  30 vault guards
  12 hydras
  5 rakshasas
  7 great orbs of eyes
  The ghost of torrenera the Carver, a journeyman DsFi of Jiyva (Lair:3)
  A hell beast (D:11)
  11 ice dragons
  30 naga warriors
  A kraken zombie (Hell)
  6 spriggan air magi
  5 catoblepae
  4 merfolk avatars
  8 centaur warriors
  5 satyrs
  13 anacondas
  5 merfolk aquamancers
  An alligator (Snake:1)
  2 death knights
  27 dancing weapons
  11 death yaks
  A tengu warrior (D:15)
  37 two-headed ogres
  10 deep troll earth magi
  5 deep troll shamans
  2 vampire magi
  6 shock serpents
  5 spriggan berserkers
  2 orc high priests
  26 naga sharpshooters
  21 deep elf knights
  Sonja (D:12)
  5 sun demons
  Nergalle (Lair:2)
  7 soul eaters
  A fire crab (shapeshifter) (Depths:4)
  21 skeletal warriors
  3 sixfirhies
  8 iron trolls
  3 salamander mystics
  9 sea snakes
  A spark wasp zombie (Depths:4)
  An iron golem (Hell)
  3 unseen horrors
  A sea snake (shapeshifter) (Depths:4)
  28 deep trolls
  5 hell knights (Vaults:3)
  18 deep elf archers
  6 flayed ghosts
  11 naga ritualists
  9 orc knights
  2 glowing orange brains
  5 necromancers
  4 wizards
  20 ironbrand convokers
  9 phantasmal warriors
  A lindwurm (shapeshifter) (Depths:3)
  16 harpies
  3 swamp dragons
  6 lindwurms
  57 deep elf magi
  2 harpies (shapeshifter)
  4 orc sorcerers
  4 wolf spiders
  14 salamanders
  A faun (shapeshifter) (Depths:4)
  A large abomination (Abyss:3)
  45 ugly things
  10 mana vipers
  10 cyclopes
  13 fauns
  A fire giant zombie (Vaults:1)
  18 moths of wrath
  18 merfolk sirens
  12 manticores
  27 black mambas
  2 rust devils
  11 guardian serpents
  3 ice statues
  19 naga magi
  A smoke demon (D:7)
  2 elephants (Lair:6)
  A torpor snail (Lair:5)
  The ghost of p0werm0de the Skirmisher, a novice DsFE of Makhleb (D:7)
  10 vault sentinels
  5 water nymphs
  3 rime drakes
  6 gargoyles
  17 spiny frogs
  13 freezing wraiths
  A rime drake (shapeshifter) (Vaults:5)
  2 yaktaurs (shapeshifter)
  29 yaktaurs
  2 efreet (D:14)
  A kobold demonologist (D:13)
  3 ice devils
  5 demonic crawlers (Elf:1)
  24 merfolk
  7 komodo dragons
  A hellwing (D:7)
  A red devil (Hell)
  A hydra zombie (Hell)
  15 polar bears
  2 tengu conjurers
  A meliai (shapeshifter) (Vaults:1)
  6 meliai
  A queen bee (shapeshifter) (Depths:4)
  5 wind drakes
  6 trolls
  A harpy skeleton (D:15)
  A wolf spider simulacrum (D:15)
  5 blink frogs (Lair:4)
  Grinder (D:3)
  A hornet (shapeshifter) (Depths:5)
  A hydra skeleton (Hell)
  7 hornets
  A meliai zombie (D:14)
  41 slime creatures
  11 hippogriffs
  11 snapping turtles
  A minotaur skeleton (Lab)
  2 alligator zombies (Hell)
  11 dream sheep
  A redback (shapeshifter) (Vaults:5)
  4 spriggans
  5 air elementals
  10 redbacks
  A tarantella (Vaults:5)
  7 shadows
  A spriggan (shapeshifter) (Vaults:4)
  32 water elementals
  9 wraiths
  7 fire bats (Depths:1)
  2 vampires
  11 fire elementals
  2 humans (shapeshifter)
  15 wyverns
  A centaur simulacrum (D:14)
  A fire bat (shapeshifter) (D:14)
  8 vampire mosquitoes
  A basilisk (Lair:6)
  A neqoxec (Zot:5)
  A hog (Shoals:4)
  7 hungry ghosts
  56 yaks
  A hog (shapeshifter) (Depths:4)
  2 steam dragons
  2 swamp worms (Snake:1)
  A chaos spawn (D:12)
  4 wargs
  2 acid dragons
  A soldier ant (shapeshifter) (Depths:1)
  70 nagas
  20 water moccasins
  2 spiny frog zombies (Hell)
  11 porcupines
  3 hell hounds
  A floating eye (Depths:2)
  2 sky beasts
  A swamp drake (Snake:1)
  An elf skeleton (Vaults:1)
  62 orc warriors
  16 ice beasts
  A sky beast (shapeshifter) (Vaults:4)
  A black bear (Lair:2)
  32 ogres
  3 elephant zombies (Lair:5)
  3 phantoms
  13 boggarts
  An orc skeleton (Vaults:1)
  18 centaurs
  12 crocodiles
  17 wolves
  An elf simulacrum (Vaults:1)
  A crocodile (shapeshifter) (Depths:4)
  13 bullfrogs
  2 big kobolds
  2 gnoll sergeants
  An earth elemental (Elf:3)
  2 wyvern zombies
  2 spiny frog simulacra (Hell)
  3 scorpions
  3 killer bees (D:11)
  4 wights (D:8)
  4 howler monkeys
  6 electric eels
  6 crimson imps
  3 centaur zombies
  3 hounds
  2 quasits
  A basilisk zombie (Lair:5)
  A bullfrog zombie (D:11)
  23 orc priests
  8 jellies
  4 iron imps
  4 centaur skeletons
  3 iguanas
  Terence (D:3)
  Ijyb (D:3)
  Natasha (thrice) (D:3)
  18 orc wizards
  12 worker ants
  A crocodile zombie (Lair:5)
  20 gnolls
  15 adders
  5 shadow imps
  A white imp (Depths:3)
  9 oozes
  2 worms
  8 leopard geckos
  121 orcs
  4 giant cockroaches
  10 goblins
  9 hobgoblins
  4 jackals
  4 quokkas
  A ball python (D:1)
  5 bats
  3 frilled lizards
  36 kobolds
  2 quokka skeletons
  7 rats
  4 crawling corpses (Elf:3)
  2 plants
  2 tentacles (Hell)
2472 creatures vanquished.

Vanquished Creatures (collateral kills)
  A dancing weapon (Elf:2)
1 creature vanquished.

Vanquished Creatures (others)
  A very ugly thing (Depths:4)
  A stone giant (Depths:2)
  A purple draconian (Zot:5)
  A deep elf knight (Elf:2)
  An unseen horror (shapeshifter) (Vaults:1)
  A glowing orange brain (Depths:4)
  A harpy (Shoals:3)
  A deep elf mage (Elf:2)
  A moth of wrath (Zot:1)
  A black mamba (Snake:1)
  3 yaktaurs
  A hydra zombie (Hell)
  A human (Shoals:4)
  A hell hound (Hell)
  2 centaurs (D:15)
  An orc (Elf:3)
  A bush (Shoals:1)
  2 fungi (Lair:6)
  18 plants
  6 tentacles (Hell)
46 creatures vanquished.

Grand Total: 2519 creatures vanquished

Notes
Turn   | Place    | Note
-------+----------+-------------------------------------------
     0 | D:1      | kiturien the Minotaur Fighter began the quest for the Orb.
     0 | D:1      | Reached XP level 1. HP: 19/19 MP: 0/0
   196 | D:1      | Reached XP level 2. HP: 27/27 MP: 1/1
   680 | D:2      | Reached XP level 3. HP: 29/33 MP: 2/2
   736 | D:2      | Reached XP level 4. HP: 29/40 MP: 3/3
  1490 | D:3      | Noticed Terence
  1498 | D:3      | Killed Terence
  1499 | D:3      | Reached XP level 5. HP: 47/47 MP: 4/4
  1531 | D:3      | Noticed Natasha
  1533 | D:3      | Killed Natasha
  1550 | D:3      | Noticed Natasha
  1553 | D:3      | Killed Natasha
  1616 | D:3      | Reached skill level 1 in Dodging
  1638 | D:3      | Noticed Grinder
  1654 | D:3      | Killed Grinder
  1654 | D:3      | Reached skill level 5 in Long Blades
  1654 | D:3      | Reached skill level 5 in Armour
  1654 | D:3      | Reached skill level 5 in Shields
  1654 | D:3      | Reached XP level 6. HP: 33/53 MP: 5/5
  1666 | D:3      | Noticed Ijyb
  1669 | D:3      | Killed Ijyb
  1940 | D:3      | Noticed Natasha
  1947 | D:3      | Killed Natasha
  2217 | D:4      | Found Xizijiapn's Antique Armour Shoppe.
  2225 | D:4      | Bought a runed cloak for 150 gold pieces
  2256 | D:4      | Reached XP level 7. HP: 50/60 MP: 6/6
  2369 | D:4      | Reached skill level 5 in Fighting
  2871 | D:5      | Entered Level 5 of the Dungeon
  2930 | D:5      | Gained mutation: Your flesh is heat resistant. (rF+) [potion of mutation]
  2930 | D:5      | Gained mutation: You have a somewhat thin skeletal structure. (Dex +2, Stealth) [potion of mutation]
  2930 | D:5      | Gained mutation: You are robust. (+10% HP) [potion of mutation]
  3065 | D:5      | Reached XP level 8. HP: 65/74 MP: 7/7
  4051 | D:6      | You fall through a shaft for 2 floors!
  4069 | D:8      | Reached XP level 9. HP: 78/82 MP: 8/8
  4159 | D:7      | Found a staircase to the Ecumenical Temple.
  4168 | Temple   | Entered the Ecumenical Temple
  4470 | Temple   | Gained mutation: You are somewhat resistant to further mutation. [mutagenic meat]
  5344 | D:7      | Noticed p0werm0de's ghost (novice DsFE)
  5356 | D:7      | Killed p0werm0de's ghost
  5447 | D:6      | Found Fuon's Elemental Accessories.
  5492 | D:6      | Found a radiant altar of Vehumet.
  5517 | D:6      | Found a snail-covered altar of Cheibriados.
  5517 | D:6      | Found a sacrificial altar of Ru.
  6445 | D:8      | Noticed a gargoyle
  6478 | D:8      | Killed a gargoyle
  6478 | D:8      | Reached skill level 5 in Dodging
  6902 | D:8      | Found Igey's Book Emporium.
  6968 | D:8      | Found a basalt altar of Yredelemnul.
  6968 | D:8      | Found an ornate altar of the Wu Jian Council.
  6968 | D:8      | Found a shadowy altar of Dithmenos.
  6969 | D:8      | Found a hide-covered altar of Uskayaw.
  6978 | D:8      | Became a worshipper of the Wu Jian Council
  6985 | D:8      | Reached skill level 10 in Long Blades
  6992 | D:8      | Reached XP level 10. HP: 93/94 MP: 9/9
  7635 | D:9      | Found a stormy altar of Qazlal.
  7688 | D:9      | Found an iron altar of Okawaru.
  7915 | D:9      | Reached * piety under Wu Jian
  8301 | D:10     | Entered Level 10 of the Dungeon
  8614 | D:10     | Noticed a two-headed ogre
  8623 | D:10     | Killed a two-headed ogre
  8623 | D:10     | Reached skill level 10 in Shields
  8990 | D:10     | Found Oquon's Antique Weapon Emporium.
  9060 | D:11     | Found a roughly hewn altar of Beogh.
  9060 | D:11     | Found a staircase to the Orcish Mines.
  9096 | D:11     | Reached ** piety under Wu Jian
  9149 | D:11     | Reached XP level 11. HP: 32/104 MP: 10/10
 10091 | D:11     | Got a twisted long sword
 10092 | D:11     | Identified the +7 long sword of the Spider {slice, rPois Dex+2} (You found it on level 11 of the Dungeon)
 10103 | D:11     | Found a staircase to the Lair.
 10982 | D:12     | Noticed Sonja
 10987 | D:12     | Cast into level 1 of the Abyss (Sonja)
 11019 | Abyss:2  | Found a corrupted altar of Lugonu.
 11126 | D:12     | Escaped the Abyss
 11146 | D:12     | Reached skill level 10 in Armour
 11478 | D:12     | Reached *** piety under Wu Jian
 11975 | D:12     | Noticed Snorg
 11991 | D:12     | Killed Snorg
 11991 | D:12     | Reached skill level 10 in Fighting
 11991 | D:12     | Reached XP level 12. HP: 88/116 MP: 11/11
 12101 | D:12     | Killed Sonja
 12380 | D:13     | Found a flagged portal.
 12383 | D:13     | Noticed a centaur warrior
 12387 | Bailey   | Entered a bailey
 12558 | Bailey   | Reached **** piety under Wu Jian
 12837 | D:13     | Killed a centaur warrior
 12921 | D:13     | Noticed a catoblepas
 12932 | D:13     | Killed a catoblepas
 12959 | D:13     | Noticed Frances
 12973 | D:13     | Killed Frances
 13501 | Orc:1    | Entered Level 1 of the Orcish Mines
 13533 | D:11     | Reached ***** piety under Wu Jian
 14115 | Orc:2    | Entered Level 2 of the Orcish Mines
 14179 | Orc:2    | Noticed an orc warlord
 14252 | Orc:1    | Killed an orc warlord
 14252 | Orc:1    | Reached XP level 13. HP: 42/127 MP: 12/12
 14594 | Orc:2    | Found Figgirchi's Antique Armour Shoppe.
 14595 | Orc:2    | Found a roughly hewn altar of Beogh.
 14656 | Orc:2    | Found Plog's Antique Weapon Emporium.
 14667 | Orc:2    | Bought a pitted shield for 237 gold pieces
 14677 | Orc:2    | Identified the +1 shield of Sloth {MR+ Regen+ Int+2 Dex+4} (You bought it in a shop on level 2 of the Orcish Mines)
 14839 | Orc:2    | Found a staircase to the Elven Halls.
 14894 | Orc:2    | Found a roughly hewn altar of Beogh.
 14969 | Orc:2    | Found a roughly hewn altar of Beogh.
 15326 | Orc:2    | Found a roughly hewn altar of Beogh.
 15327 | Orc:2    | Found Feus's Distillery.
 15410 | Orc:2    | Found a roughly hewn altar of Beogh.
 15471 | Orc:2    | Found a roughly hewn altar of Beogh.
 15472 | Orc:2    | Found Xyuh's General Store.
 15627 | Lair:1   | Entered Level 1 of the Lair of Beasts
 15629 | Lair:1   | Found a frozen archway.
 15639 | IceCv    | Entered an ice cave
 15961 | IceCv    | Reached ****** piety under Wu Jian
 16047 | IceCv    | Noticed a frost giant
 16072 | IceCv    | Killed a frost giant
 16548 | Lair:1   | Reached skill level 15 in Shields
 16802 | Lair:1   | Reached skill level 15 in Long Blades
 17226 | Lair:2   | Found a staircase to the Snake Pit.
 17342 | Lair:2   | Noticed Nergalle
 17351 | Lair:2   | Killed Nergalle
 17459 | Lair:2   | Noticed Gastronok
 17479 | Lair:2   | Killed Gastronok
 17479 | Lair:2   | Reached XP level 14. HP: 83/138 MP: 13/13
 17554 | Lair:2   | Found an opulent altar of Gozag.
 17576 | Lair:2   | Learned a level 2 spell: Blink
 18058 | Lair:3   | Noticed torrenera's ghost (journeyman DsFi)
 18170 | Lair:3   | Noticed Rupert
 18202 | Lair:3   | Killed Rupert
 18751 | Elf:1    | Entered Level 1 of the Elven Halls
 18910 | Elf:1    | Found Ahudum's General Store.
 19529 | Elf:1    | Noticed a balrug
 19711 | Elf:1    | Noticed a Tzitzimitl
 20097 | Elf:1    | Noticed a deep elf sorcerer
 20108 | Elf:1    | Killed a deep elf sorcerer
 20595 | Elf:2    | Reached skill level 10 in Dodging
 20595 | Elf:2    | Reached XP level 15. HP: 117/149 MP: 14/14
 20957 | Elf:2    | Noticed a deep elf sorcerer
 20969 | Elf:2    | Killed a deep elf sorcerer
 20982 | Elf:2    | Found a portal to a secret trove of treasure.
 21346 | Elf:2    | Found a runed gate.
 21346 | Elf:2    | Found a runed gate.
 21346 | Elf:2    | Found a runed gate.
 21375 | Elf:2    | Noticed a deep elf sorcerer
 21393 | Elf:2    | Killed a deep elf sorcerer
 22788 | Lair:3   | Killed torrenera's ghost
 23148 | Lair:4   | Noticed Josephine
 23163 | Lair:4   | Killed Josephine
 23189 | Lair:4   | Found a labyrinth entrance.
 23203 | Lab      | Entered a labyrinth
 23408 | Lab      | Reached XP level 16. HP: 161/161 MP: 15/15
 23874 | Lab      | Got a brightly glowing brass ring
 23879 | Lab      | Got a slimy great sword
 23879 | Lab      | Got a sparkling ivory ring
 23881 | Lab      | Identified the cursed ring of Dofuj {rC+ EV-3 Dex+4} (You found it in a labyrinth)
 23883 | Lab      | Identified the ring of Wogauneh {*Slow +Fly rPois Stlth+} (You found it in a labyrinth)
 23889 | Lab      | Identified the +2 great sword "Jiucew" {distort, rElec rC+} (You found it in a labyrinth)
 24049 | Lair:4   | Found a staircase to the Shoals.
 24493 | Lair:4   | Reached skill level 15 in Fighting
 25938 | Lair:6   | Entered Level 6 of the Lair of Beasts
 25939 | Lair:6   | Found a staircase to the Slime Pits.
 27262 | Slime:1  | Entered Level 1 of the Pits of Slime
 27506 | Orc:2    | Bought warped quicksilver dragon scales for 1625 gold pieces
 27516 | Orc:2    | Identified the cursed quicksilver dragon scales of the Ecumenical Temple {+Fly MR+ Str+4 Slay+3} (You bought it in a shop on level 2 of the Orcish Mines)
 27714 | Snake:1  | Entered Level 1 of the Snake Pit
 27897 | Snake:1  | Reached skill level 15 in Armour
 28163 | Snake:1  | Reached XP level 17. HP: 173/173 MP: 16/16
 28626 | Snake:1  | Found a shattered altar of Ashenzari.
 28696 | Snake:1  | Identified Vupomair's Tome of Nocuous Fire
 29227 | Snake:2  | Found Ysahidu's Distillery.
 30015 | Snake:2  | Found a shadowy altar of Dithmenos.
 30794 | Snake:3  | Noticed Vashnia
 31044 | Snake:3  | Killed Vashnia
 31370 | Snake:4  | Entered Level 4 of the Snake Pit
 31462 | Snake:4  | Reached XP level 18. HP: 175/187 MP: 17/17
 32020 | Snake:4  | Got a serpentine rune of Zot
 33283 | Shoals:1 | Entered Level 1 of the Shoals
 33440 | Shoals:1 | Reached XP level 19. HP: 170/198 MP: 18/18
 34247 | Shoals:2 | Got a distressingly furry chain mail
 34250 | Shoals:2 | Identified the cursed +0 chain mail "Zopheom" {*Slow rPois rF+ Int+3} (You found it on level 2 of the Shoals)
 34289 | Shoals:2 | Noticed Polyphemus
 34301 | Shoals:2 | Killed Polyphemus
 35930 | Shoals:4 | Entered Level 4 of the Shoals
 36687 | Shoals:4 | Got a barnacled rune of Zot
 36767 | Shoals:4 | Noticed Kirke
 36794 | Shoals:4 | Killed Kirke
 37173 | Shoals:4 | Noticed Ilsuiw
 37195 | Shoals:4 | Killed Ilsuiw
 37495 | Elf:1    | Upgraded the game from 0.21-a0-442-g848f44b to 0.21-a0-444-g29a2fec
 37548 | Elf:3    | Entered Level 3 of the Elven Halls
 38342 | Elf:3    | Reached XP level 20. HP: 198/210 MP: 19/19
 39054 | Elf:3    | HP: 2/212 [deep elf annihilator/bolt of lightning (32)]
 39612 | Elf:3    | Identified the ring "Wiaryab" {Fire rElec Dex+6 SInv} (You took it off an orc on level 3 of the Elven Halls)
 39678 | Elf:3    | Got a slimy wooden ring
 39710 | Elf:3    | Identified the ring "Gubiviun" {*Drain Str+4 Dex+6 Stlth+} (You found it on level 3 of the Elven Halls)
 40507 | D:14     | Found a gate to the Vaults.
 40509 | D:14     | Found Bing's Distillery.
 40704 | D:14     | Got a coiled marble ring
 40755 | D:14     | Identified the ring "Tepperin" {rC+ Str+4 Int-2 Dex+4 SInv} (You found it on level 14 of the Dungeon)
 40989 | Vaults:1 | Entered Level 1 of the Vaults
 42236 | Vaults:1 | Reached XP level 21. HP: 222/222 MP: 20/20
 42287 | Vaults:1 | Identified the +7 hand axe "Agettaecru" {drain, Int+3} (You took it off an orc knight on level 1 of the Vaults)
 42525 | Vaults:2 | Found a staircase to the Crypt.
 42654 | Vaults:2 | Found Guduh's Book Shop.
 43474 | Vaults:2 | Identified the +8 war axe of the Forest {flame, Str+4} (You found it on level 2 of the Vaults)
 43509 | Vaults:3 | Reached skill level 15 in Dodging
 43567 | Vaults:3 | Noticed Margery
 43790 | Vaults:3 | Killed Margery
 44748 | Vaults:3 | Found Misyucso's Antique Weapon Shoppe.
 45986 | Vaults:4 | Noticed Sojobo
 45997 | Vaults:4 | Killed Sojobo
 46548 | Vaults:4 | Reached XP level 22. HP: 234/234 MP: 21/21
 46556 | Vaults:4 | Noticed Xtahua
 46566 | Vaults:4 | Killed Xtahua
 47396 | Vaults:5 | Entered Level 5 of the Vaults
 47635 | Vaults:5 | Found Himur's General Store.
 47982 | Vaults:5 | HP: 6/236 [deep elf high priest/divine providence (16)]
 47992 | Vaults:5 | HP: 11/236 [tengu reaver/war axe (3)]
 48354 | Vaults:5 | Noticed a golden dragon
 48373 | Vaults:5 | Killed a golden dragon
 48446 | Vaults:5 | Reached XP level 23. HP: 127/245 MP: 22/22
 48504 | Vaults:5 | Got a scintillating lead ring
 49325 | Vaults:5 | Identified the ring "Upoiloiw" {+Blink rElec rN+ MP+9} (You took it off a vault guard on level 5 of the Vaults)
 49579 | Vaults:5 | Identified the Volume of Fiery Lightness
 49699 | Vaults:5 | Got a twitching copper ring
 49701 | Vaults:5 | Identified the ring of Asue {rPois Dex+2 Stlth+} (You took it off a frost giant on level 5 of the Vaults)
 49792 | Vaults:5 | Got a scintillating pewter ring
 49794 | Vaults:5 | Identified the ring of the Priest {rCorr rElec Stlth+} (You took it off a yaktaur captain on level 5 of the Vaults)
 50042 | Vaults:5 | Got a silver rune of Zot
 50281 | D:15     | Entered Level 15 of the Dungeon
 50287 | D:15     | Reached skill level 1 in Evocations
 50486 | D:15     | Found a staircase to the Depths.
 51018 | Depths:1 | Entered Level 1 of the Depths
 51049 | Depths:1 | Found Jasos's Magic Scroll Shop.
 51107 | Depths:1 | Reached skill level 27 in Shields
 51135 | Depths:1 | Found a one-way gate leading to the halls of Pandemonium.
 51272 | Depths:1 | Found a gateway to a ziggurat.
 51458 | Depths:1 | Found a sparkling altar of Nemelex Xobeh.
 51682 | Depths:1 | Found a gateway to Hell.
 51889 | Depths:1 | Noticed the Enchantress
 51941 | Depths:1 | Killed the Enchantress
 51941 | Depths:1 | Reached XP level 24. HP: 115/258 MP: 24/24
 51971 | Depths:1 | Got faerie dragon scales
 51982 | Depths:1 | Identified the +6 faerie dragon scales {+Blink +Inv rCorr} (You took it off the Enchantress on level 1 of the Depths)
 52314 | Hell     | Entered the Vestibule of Hell
 52314 | Hell     | Noticed Geryon
 52354 | Hell     | Killed Geryon
 52773 | Elf:2    | You paid a toll of the horn of Geryon to enter a treasure trove
 52774 | Trove    | Entered a treasure trove
 53921 | Hell     | Found a gateway to the decaying netherworld of Tartarus.
 54054 | Hell     | Found a gateway to the Iron City of Dis.
 54154 | Hell     | Found a gateway to the ashen valley of Gehenna.
 54456 | Hell     | Found a gateway to the freezing wastes of Cocytus.
 54666 | Depths:2 | Found Gozag's Assorted Antiques.
 54676 | Depths:2 | Found an opulent altar of Gozag.
 54677 | Depths:2 | Found a one-way gate to the infinite horrors of the Abyss.
 54721 | Depths:2 | Found Gozag's Antique Armour Shoppe.
 54729 | Depths:2 | Found Gozag's Antique Weapon Shoppe.
 54736 | Depths:2 | Paralysed by a floating eye for 4 turns
 54855 | Depths:2 | Found a magical portal.
 54860 | WizLab   | Entered Wucad Mu's Monastery
 54971 | WizLab   | Found the +9 staff of Wucad Mu {channel}
 55473 | Depths:2 | Reached XP level 25. HP: 257/269 MP: 26/26
 56313 | Depths:3 | Noticed Jorgrun
 56327 | Depths:3 | Killed Jorgrun
 56480 | Depths:3 | Identified the Disquisition on Nocuous Feathers
 56719 | Depths:3 | Noticed a juggernaut
 56733 | Depths:3 | Killed a juggernaut
 57608 | Depths:4 | Reached XP level 26. HP: 279/279 MP: 27/27
 57877 | Depths:4 | Noticed a juggernaut
 57888 | Depths:4 | Killed a juggernaut
 58108 | Depths:4 | Upgraded the game from 0.21-a0-444-g29a2fec to 0.21-a0-450-gd87a9b2
 58425 | Depths:4 | Found the +10 dark maul {crush}
 58578 | Depths:5 | Entered Level 5 of the Depths
 59102 | Depths:5 | Identified a scroll of acquirement
 59400 | Depths:5 | Noticed Frederick
 59413 | Depths:5 | Killed Frederick
 59431 | Depths:5 | Got a pair of faintly glowing boots
 59442 | Depths:5 | Identified the +3 pair of boots "Wylodehu" {rN+ rCorr} (You acquired it on level 5 of the Depths)
 59960 | Depths:5 | Found a gate to the Realm of Zot.
 59967 | Zot:1    | Entered Level 1 of the Realm of Zot
 59967 | Zot:1    | Noticed an orb of fire
 59985 | Zot:1    | Killed an orb of fire
 60036 | Zot:1    | Reached XP level 27. HP: 209/292 MP: 28/28
 60418 | Zot:1    | Noticed an orb of fire
 60420 | Zot:1    | Gained mutation: You tend to lose your temper in combat. [an orb of fire]
 60429 | Zot:1    | Gained mutation: You occasionally shout uncontrollably at your foes. [an orb of fire]
 60432 | Zot:1    | Gained mutation: Armour fits poorly on your strangely shaped body. [an orb of fire]
 60435 | Zot:1    | Killed an orb of fire
 61577 | Zot:3    | Found a transporter.
 61613 | Zot:3    | Found a transporter.
 64179 | Zot:5    | Entered Level 5 of the Realm of Zot
 64219 | Zot:5    | Reached skill level 27 in Long Blades
 64333 | Zot:5    | Reached skill level 10 in Evocations
 64338 | Zot:5    | Reached skill level 27 in Fighting
 64399 | Zot:5    | Noticed an ancient lich
 64401 | Zot:5    | Noticed an ancient lich
 64409 | Zot:5    | Killed an ancient lich
 64414 | Zot:5    | Killed an ancient lich
 64453 | Zot:5    | Noticed an ancient lich
 64471 | Zot:5    | Killed an ancient lich
 64492 | Zot:5    | Noticed an orb of fire
 64511 | Zot:5    | Killed an orb of fire
 64532 | Zot:5    | Noticed an orb of fire
 64548 | Zot:5    | HP: 22/450 [orb of fire/bolt of fire (35)]
 64549 | Zot:5    | Killed an orb of fire
 64698 | Zot:5    | Noticed an ancient lich
 64712 | Zot:5    | Killed an ancient lich
 64766 | Zot:5    | Noticed an orb of fire
 64962 | Zot:5    | Noticed an ancient lich
 64974 | Zot:5    | Killed an ancient lich
 65042 | Zot:5    | Noticed an orb of fire
 65046 | Zot:5    | Gained mutation: You expend magic power (3 MP) to strengthen your wands. [an orb of fire]
 65047 | Zot:5    | Lost mutation: You are robust. (+10% HP) [an orb of fire]
 65060 | Zot:5    | Gained mutation: You are frail. (-10% HP) [an orb of fire]
 65061 | Zot:5    | Gained mutation: You sometimes yell uncontrollably at your foes. [an orb of fire]
 65068 | Zot:5    | Killed an orb of fire
 65275 | Zot:5    | Got the Orb of Zot
 65338 | Zot:5    | Noticed an ancient lich
 65342 | Zot:5    | Gained mutation: You frequently scream uncontrollably at your foes. [an orb of fire]
 66200 | D:$      | Escaped with the Orb!

Vault maps used:
D:1:      elethiomel_arrival_quiet, minmay_pentomino_s4
D:3:      uniq_grinder, uniq_ijyb, uniq_natasha, uniq_terence
D:4:      first_bread, serial_shops, shop_statue, minivault_4,
          grunt_ministairs_4, minmay_bisected
D:6:      minitemple, nicolae_elemental_shop
D:7:      minmay_temple_entry_statues_fountains
D:8:      grunt_temple_overflow_open, serial_shops, shop
D:9:      kennysheep_mini_moat, nicolae_qazlal_general_emergency,
          unseen_surprise_small
D:10:     serial_shops, kennysheep_little_box, hangedman_little_slice_of_home
D:11:     erik_lair_dragon, david_orc_5, minmay_misc_feat_five
D:12:     uniq_snorg, uniq_sonja
D:13:     enter_bailey_2, minmay_variable_closet, uniq_frances
D:14:     minmay_dotted_concentric_squares, erik_vaults_1, minivault_11,
          serial_shops, nicolae_shop_trees, minivault_4, serial_park_tiny_1,
          minmay_misc_feat_alley
D:15:     grunt_enter_depths_giant_problem, minmay_misc_feat_tower,
          grunt_potential
Temple:   oiseaux_autumnal_temple
Lair:1:   portal_ice_cave_entry_ice_beasts, beast_lair_carwin_1,
          grunt_megastairs_5, serial_bayou_shore_a
Lair:2:   guppyfry_snake_entry_island, basic_altar, uniq_nergalle,
          uniq_gastronok
Lair:3:   uniq_rupert
Lair:4:   minmay_shoals_entry_hut, lab_entry_generic, grunt_megastairs_1,
          uniq_josephine
Lair:5:   pond_and_an_island_with_a_cottage, minmay_lindwurm_lava
Lair:6:   hangedman_lair_in_review, hangedman_lair_tendril_chambers,
          minmay_slime_entry_pillars
Shoals:1: argonaut_golden_fleece
Shoals:2: uniq_polyphemus
Shoals:4: shoals_end_grunt_ice, shoals_ilsuiw_ice, uniq_aizul, uniq_kirke
Snake:1:  onia_ninara_swampy_vault, basic_altar,
          nicolae_snake_salamander_stairs, serial_bayou_shore_b
Snake:2:  serial_shops, nicolae_shop_trees, basic_altar
Snake:3:  st_stairs_6, uniq_vashnia
Snake:4:  grunt_snake_rune_spirals, grunt_ministairs_5
Orc:2:    grunt_orc_community_town_hall, grunt_orc_community_big_house_1,
          grunt_orc_community_big_house_1, grunt_orc_community_house_3,
          grunt_orc_community_house_1, grunt_orc_community_house_1,
          grunt_orc_community_house_1, kennysheep_orc_chapel
Elf:1:    serial_shops, nicolae_shop_statue_plus, orc_legates,
          einodemon_crawler_minivault
Elf:2:    enter_trove_2
Elf:3:    minmay_elf_hall_statues
Vaults:1: vaults_mumra_bighexcomb, vaults_room_corners,
          nicolae_vaults_inception_scallops, nicolae_vaults_mini_display_case,
          nicolae_vaults_little_squares_2, nicolae_vaults_sealed_display,
          v_misc_1, nicolae_vaults_network_star, vaults_room_door_hall
Vaults:2: hangedman_vaults_corner_blocks, ontoclasm_vaults_pinch,
          v_alt_pattern_4, v_misc_27, nicolae_vaults_little_squares_4,
          hangedman_vaults_locks, v_rooms_2, nicolae_vaults_asterisk, st_cross,
          v_alt_pattern_2, minmay_crypt_entry_simple_box, serial_shops,
          nicolae_shop_stone
Vaults:3: vaults_dpeg_encased_lava, nicolae_vaults_little_squares_1,
          v_alt_pattern_6, serial_shops, shop, uniq_margery
Vaults:4: vaults_mumra_hexcomb, hangedman_vaults_capsules, v_misc_33, v_misc_32,
          grunt_vaults_swirl, v_misc_19, vaults_mumra_hex,
          nicolae_vaults_specimen_jars, uniq_sojobo, uniq_xtahua
Depths:1: enter_ziggurat_d, grunt_decor_resistance, grunt_pan_entry_spiral,
          serial_shops, shop, lightli_too_deep, nemelex_diamond_rough_becter,
          uniq_enchantress
Depths:2: kennysheep_gozag_temple, small_statue_intersection,
          pf_vacation_house_of_asmodeus, infiniplex_enter_wizlab_spiral,
          abyss_entry, hangedman_abyss_or_decor_lesser_grid,
          minmay_staircase_windowed_small
Depths:3: evilmike_cross, hangedman_tar_grid_catacomb, rand_demon_pan_entry_3,
          roderic_lattice_a, infiniplex_staircase_door_maze, uniq_jorgrun
Depths:4: hangedman_pleasuredromes, hell_entry, abyss_entry
Depths:5: evilmike_zot_entry_diamond, nicolae_wwwww, hell_entry, uniq_frederick
Zot:3:    gammafunk_sealed_arena, st_small_dragon_hoard_3
Lab:      nicolae_lab_plus, nicolae_lab_diamond, nicolae_lab_very_dead_end,
          nicolae_lab_arrow, labyrinth_skeletal_remains, nicolae_lab_lava,
          nicolae_lab_blocks, lab_statue, nicolae_lab_do_over, lab_hedge
Trove:    trove_simple
Bailey:   bailey_axe_1, bailey
IceCv:    ice_cave_small_giant
WizLab:   wizlab_wucad

Skill      XL: |  1  2  3  4  5  6  7  8  9 10 11 12 13 14 15 16 17 18 19 20 21 22 23 24 25 26 27 |
---------------+----------------------------------------------------------------------------------+-----
Armour         | 4 5 6 7 8 9 10 11 12 13 14 15 16 17 18 22 | 22.3
Shields        | 4 5 6 7 9 10 11 13 15 16 18 19 20 21 23 24 25 26 27 | 27.0
Fighting       | 4 5 6 7 8 10 11 12 13 14 16 17 18 19 20 21 22 23 24 25 27 | 27.0
Long Blades    | 3 4 5 7 8 10 11 13 14 15 16 17 18 19 20 21 22 23 24 25 27 | 27.0
Dodging        | 1 2 3 5 6 7 8 9 10 11 12 13 14 15 16 17 19 22 | 22.7
Evocations     | 3 6 7 8 12 | 12.0

Action                   |  1- 3 |  4- 6 |  7- 9 | 10-12 | 13-15 | 16-18 | 19-21 | 22-24 | 25-27 || total
-------------------------+-------+-------+-------+-------+-------+-------+-------+-------+-------++-------
Melee: Long sword        |    86 |   110 |   404 |   760 |  1238 |  1553 |  1880 |  1306 |   189 ||  7526
       Headbutt          |     9 |    15 |   102 |   175 |   380 |   573 |   659 |   632 |   718 ||  3263
       Demon blade       |       |       |       |       |       |       |       |    30 |   955 ||   985
       Double sword      |       |       |       |       |       |       |       |   344 |   670 ||  1014
Throw: Tomahawk          |       |       |       |    43 |     1 |       |       |       |       ||    44
       Throwing net      |       |       |       |     3 |       |       |       |       |       ||     3
Invok: Heavenly Storm    |       |       |       |       |       |       |       |     1 |       ||     1
 Abil: Evoke Flight      |       |       |       |     3 |     2 |     3 |       |       |       ||     8
Evoke: Wand              |       |       |     1 |       |       |       |       |       |       ||     1
       Box of beasts     |       |       |       |       |       |       |       |     1 |       ||     1
  Use: Scroll            |       |     6 |     1 |    12 |    17 |    13 |    19 |    14 |     6 ||    88
       Potion            |       |     1 |     4 |     8 |     1 |     2 |     1 |     8 |     4 ||    29
 Stab: Petrified         |       |       |       |       |       |     2 |       |       |       ||     2
       Sleeping          |       |       |       |       |       |       |     2 |     1 |     5 ||     8
       Distracted        |       |       |       |       |       |       |     1 |     2 |     2 ||     5
  Eat: Chunk             |       |     4 |    17 |    22 |    37 |    28 |    53 |    14 |    14 ||   189
       Bread ration      |       |       |     1 |       |       |       |       |     1 |     3 ||     5
       Royal jelly       |       |       |       |     2 |     1 |     1 |       |       |       ||     4
       Meat ration       |       |       |       |       |       |       |       |     1 |     2 ||     3
Armor: Scale mail        |    39 |    33 |   120 |    19 |       |       |       |       |       ||   211
       Plate armour      |       |       |       |   220 |   432 |    19 |       |       |       ||   671
       Pearl dragon scal |       |       |       |       |       |    70 |       |       |       ||    70
       Quicksilver drago |       |       |       |       |       |   163 |   316 |   230 |   211 ||   920
Dodge: Dodged            |    28 |    35 |   131 |   238 |   384 |   497 |   615 |   510 |   645 ||  3083
Block: Shield            |    45 |    58 |   223 |   486 |   714 |   971 |  1083 |  1163 |  1126 ||  5869
       Reflection        |       |       |       |       |       |       |       |    43 |    24 ||    67
       Rpst.: Long sword |    11 |    11 |    33 |    55 |    67 |    87 |   105 |    46 |     6 ||   421
       Double sword      |       |       |       |       |       |       |       |    21 |    34 ||    55
       Demon blade       |       |       |       |       |       |       |       |       |    39 ||    39

Table legend:
 A = Spawn XP
 B = Non-spawn XP
 C = Spawn XP percentage of total XP
 D = Spawn monster count
 E = Non-spawn monster count
 F = Spawn count percentage of total count
 G = Total turns spent on level
                    A         B        C        D         E        F      G
               +---------+---------+-------+---------+---------+-------+---------
         Total |     541 | 1745596 |   0.0 |       1 |    2458 |   0.0 | 66200
               +---------+---------+-------+---------+---------+-------+---------
           D:1 |       0 |      29 |   0.0 |       0 |      17 |   0.0 |   724
           D:2 |       0 |     121 |   0.0 |       0 |      27 |   0.0 |   767
           D:3 |       0 |     481 |   0.0 |       0 |      18 |   0.0 |   648
           D:4 |       0 |     342 |   0.0 |       0 |      11 |   0.0 |   991
           D:5 |       0 |    1306 |   0.0 |       0 |      24 |   0.0 |   887
           D:6 |       0 |     604 |   0.0 |       0 |      17 |   0.0 |   787
           D:7 |       0 |     902 |   0.0 |       0 |      12 |   0.0 |   770
           D:8 |       0 |    2533 |   0.0 |       0 |      39 |   0.0 |  1656
           D:9 |       0 |    1021 |   0.0 |       0 |      14 |   0.0 |   763
          D:10 |       0 |    2804 |   0.0 |       0 |      24 |   0.0 |   745
          D:11 |       0 |    4623 |   0.0 |       0 |      67 |   0.0 |  3004
          D:12 |       0 |    9984 |   0.0 |       0 |      61 |   0.0 |  1403
          D:13 |       0 |    7157 |   0.0 |       0 |      22 |   0.0 |   889
          D:14 |       0 |   20272 |   0.0 |       0 |      39 |   0.0 |  1046
          D:15 |       0 |   28682 |   0.0 |       0 |      66 |   0.0 |   782
        Temple |       0 |     235 |   0.0 |       0 |       4 |   0.0 |   583
        Lair:1 |       0 |    7830 |   0.0 |       0 |      33 |   0.0 |   984
        Lair:2 |       0 |    6768 |   0.0 |       0 |      16 |   0.0 |  1117
        Lair:3 |       0 |    7599 |   0.0 |       0 |      13 |   0.0 |   850
        Lair:4 |       0 |    6629 |   0.0 |       0 |      25 |   0.0 |  1274
        Lair:5 |       0 |    9393 |   0.0 |       0 |      33 |   0.0 |   931
        Lair:6 |       0 |   34710 |   0.0 |       0 |      92 |   0.0 |  1345
      Shoals:1 |       0 |   18899 |   0.0 |       0 |      45 |   0.0 |  1089
      Shoals:2 |       0 |   18010 |   0.0 |       0 |      32 |   0.0 |   705
      Shoals:3 |       0 |   23541 |   0.0 |       0 |      50 |   0.0 |   885
      Shoals:4 |       0 |   34277 |   0.0 |       0 |      48 |   0.0 |  1288
       Snake:1 |       0 |   27800 |   0.0 |       0 |      58 |   0.0 |  1625
       Snake:2 |       0 |   20426 |   0.0 |       0 |      34 |   0.0 |  1252
       Snake:3 |       0 |   32393 |   0.0 |       0 |      41 |   0.0 |   850
       Snake:4 |       0 |   84958 |   0.0 |       0 |     119 |   0.0 |  1747
         Orc:1 |       0 |    2908 |   0.0 |       0 |      17 |   0.0 |   643
         Orc:2 |       0 |    8187 |   0.0 |       0 |      94 |   0.0 |  1806
         Elf:1 |       0 |   27745 |   0.0 |       0 |      59 |   0.0 |  1834
         Elf:2 |       0 |   45569 |   0.0 |       0 |      64 |   0.0 |  1867
         Elf:3 |       0 |   58602 |   0.0 |       0 |      61 |   0.0 |  2618
      Vaults:1 |       0 |   42775 |   0.0 |       0 |      71 |   0.0 |  1442
      Vaults:2 |       0 |   30039 |   0.0 |       0 |      49 |   0.0 |  1466
      Vaults:3 |       0 |   47553 |   0.0 |       0 |      57 |   0.0 |  1521
      Vaults:4 |       0 |   68935 |   0.0 |       0 |      82 |   0.0 |  1780
      Vaults:5 |       0 |  189480 |   0.0 |       0 |     160 |   0.0 |  2755
      Depths:1 |       0 |   62608 |   0.0 |       0 |      80 |   0.0 |  1935
      Depths:2 |       0 |   44380 |   0.0 |       0 |      55 |   0.0 |  1227
      Depths:3 |       0 |   36751 |   0.0 |       0 |      26 |   0.0 |  1133
      Depths:4 |       0 |  108864 |   0.0 |       0 |      97 |   0.0 |  1290
      Depths:5 |       0 |   71931 |   0.0 |       0 |      61 |   0.0 |  1500
          Hell |       0 |   30674 |   0.0 |       0 |      47 |   0.0 |   816
         Zot:1 |       0 |   97398 |   0.0 |       0 |      51 |   0.0 |  1074
         Zot:2 |       0 |   46281 |   0.0 |       0 |      32 |   0.0 |   720
         Zot:3 |       0 |   55906 |   0.0 |       0 |      32 |   0.0 |  1245
         Zot:4 |       0 |   49928 |   0.0 |       0 |      26 |   0.0 |  1408
         Zot:5 |       0 |  188994 |   0.0 |       0 |      55 |   0.0 |  1038
       Abyss:3 |     541 |       0 | 100.0 |       1 |       0 | 100.0 |    70
           Lab |       0 |    3898 |   0.0 |       0 |      12 |   0.0 |   733
        Bailey |       0 |    1164 |   0.0 |       0 |      32 |   0.0 |   446
         IceCv |       0 |    9480 |   0.0 |       0 |      36 |   0.0 |   876
        WizLab |       0 |    1217 |   0.0 |       0 |       1 |   0.0 |   418
               +---------+---------+-------+---------+---------+-------+---------
